 Dungeon Crawl Stone Soup version 0.30-a0-134-gb40fab5c76 (webtiles) character file.

Game seed: 9649656846470250321

672 MirrMurr the Shooter (level 7, -4/33 HPs)
             Began as a Spriggan Hunter on Sept 19, 2022.
             Was a Follower of Okawaru.
             Shot with an arrow by a centaur (14 damage)
             ... on level 5 of the Dungeon.
             The game lasted 00:09:55 (5482 turns).

MirrMurr the Shooter (Spriggan Hunter)              Turns: 5482, Time: 00:09:56

Health: -4/33      AC:  4    Str:  7    XL:     7   Next: 32%
Magic:  8/8        EV: 21    Int: 10    God:    Okawaru [*.....]
Gold:   317        SH:  5    Dex: 21    Spells: 6/6 levels left

rFire   . . .      SeeInvis +    a - +1 shortbow
rCold   . . .      Faith    .    (shield currently unavailable)
rNeg    . . .      Spirit   .    c - +2 robe
rPois   .          Reflect  +    (helmet restricted)
rElec   .          Harm     .    (no cloak)
rCorr   .          Rampage  .    (gloves unavailable)
Will    +....                    (boots unavailable)
Stlth   ++++......               f - amulet of reflection
HPRegen 0.11/turn                (no ring)
MPRegen 0.11/turn                (no ring)

@: very quick
A: very small, no large weapons, unfitting armour, see invisible, speed 3
a: Renounce Religion, Heroism


You were on level 5 of the Dungeon.
You worshipped Okawaru.
Okawaru was aware of your devotion.
You visited 2 branches of the dungeon, and saw 6 of its levels.

You collected 317 gold pieces.

Inventory:

Hand Weapons
 a - a +1 shortbow (weapon)
Missiles
 k - 33 stones
 p - 5 poisoned darts
Armour
 c - a +2 robe (worn)
Jewellery
 f - an amulet of reflection (around neck)
Wands
 i - a wand of flame (14)
Scrolls
 b - 2 scrolls of immolation
 h - a scroll of poison
 j - a scroll of magic mapping
 m - 3 scrolls of teleportation
 o - 2 scrolls of silence
Potions
 d - a potion of attraction
 e - a potion of cancellation {unknown}
 g - a potion of haste
 n - 3 potions of ambrosia
 q - 3 potions of curing


   Skills:
 - Level 1.5 Fighting
 * Level 7.0 Ranged Weapons
 + Level 5.8 Dodging
 + Level 6.3 Stealth


You had 6 spell levels left.
You didn't know any spells.
Your spell library contained the following spells:

 Spells                   Type           Power      Damage    Failure   Level
 Magic Dart               Conj           0%         1d3       36%         1
 Sandblast                Erth           0%         2d4       36%         1
 Sting                    Tmut/Pois      0%         1d3       36%         1
 Passwall                 Tmut/Erth      0%         N/A       50%         2
 Poisonous Vapours        Pois/Air       0%         N/A       50%         2
 Gell's Gravitas          Tloc           0%         N/A       75%         3
 Lesser Beckoning         Tloc           0%         N/A       75%         3
 Mephitic Cloud           Conj/Pois/Air  0%         N/A       75%         3
 Stone Arrow              Conj/Erth      0%         3d7       75%         3
 Teleport Other           Tloc           0%         N/A       75%         3
 Olgreb's Toxic Radiance  Pois           0%         N/A       98%         4
 Summon Small Mammal      Summ           Unusable   N/A       N/A         1
 Call Imp                 Summ           Unusable   N/A       N/A         2
 Call Canine Familiar     Summ           Unusable   N/A       N/A         3
 Summon Guardian Golem    Hex/Summ       Unusable   N/A       N/A         3

Dungeon Overview and Level Annotations

Branches:
Dungeon (5/15)             Temple (1/1) D:4

Altars:
Ashenzari
Cheibriados
Elyvilon
Fedhas
Gozag
Hepliaklqana
Makhleb
Okawaru
Qazlal
Ru
Sif Muna
Uskayaw
Vehumet
Wu Jian
Xom
Yredelemnul
Zin
The Shining One

Shops:
D:1 [

Portals:
Abyss: D:4

Annotations:
D:4 2 transporters, Zero's ghost, amateur DEFE


Innate Abilities, Weirdness & Mutations

You are very small and have problems with some larger weapons.
You are too small for most types of armour.
You have supernaturally acute eyesight. (SInv)
You cover ground extremely quickly. (Speed+++)


Message History

Found a leather armour.
No target in view!
Found a ring mail.
No target in view!
n - 3 potions of ambrosia (gained 1)
A hound comes into view.
You shoot an arrow. The arrow hits the hound!
The hound barks!
The hound is severely wounded.
You shoot an arrow. The arrow hits the hound.
You kill the hound!
Okawaru accepts your kill.
Your Ranged Weapons skill increases to level 7!
No target in view!
You shoot an arrow. The centaur shouts!
The arrow hits the centaur.
The centaur is lightly wounded.
The centaur wields a +0 shortbow.
The centaur shoots an arrow.
The arrow hits you.
You shoot an arrow. The arrow barely misses the centaur.
The centaur drinks a potion.
The centaur seems to speed up.
You shoot an arrow. The arrow barely misses the centaur.
The centaur shoots an arrow.
The arrow hits you.
The centaur shoots an arrow.
The arrow misses you.
The centaur shoots an arrow.
The arrow closely misses you.
The centaur shoots an arrow.
You reflect the arrow off an invisible shield around you!
The arrow hits the centaur.
The centaur shoots an arrow.
You reflect the arrow off an invisible shield around you!
The arrow hits the centaur!
The centaur shoots an arrow.
The arrow closely misses you.
The centaur shoots an arrow.
The arrow hits you!
The centaur shoots an arrow.
The arrow hits you!
* * * LOW HITPOINT WARNING * * *
The centaur shoots an arrow.
The arrow completely misses you.
The centaur shoots an arrow.
The arrow misses you.
The centaur shoots an arrow.
The arrow hits you!
You die...

##.# #.# #....## #..##
##.# ###.## ##...## #.##
###...## # ##.....## ##.#
####......## ###.......##
#..###.....###..####
...........###........###
#......
.....................##
#......
###.......###......###
#...... ##.....##
#...@.## ##..##. #.....##
#....## ##...### #....##
#.....# ##....### ##....#
#.....## ##......#.
#.....# #......#
###......... ##.....#
#......###...........
....)..#
##....................
.......#
#....c......####......
.......#####.......#####
##...#..


You could see a centaur (fast).

Vanquished Creatures
  An ice beast (D:5)
  A black bear (D:5)
  3 hounds (D:5)
  2 orc priests
  2 iguanas
  2 orc wizards (D:5)
  14 gnolls
  3 adders
  A dart slug (D:1)
  7 orcs
  7 bats
  9 endoplasms
  A giant cockroach (D:2)
  5 goblins
  9 hobgoblins
  2 jackals (D:5)
  A quokka (D:1)
  2 ball pythons
  4 frilled lizards
  5 kobolds
  3 rats
84 creatures vanquished.

Vanquished Creatures (others)
  3 plants
3 creatures vanquished.

Grand Total: 87 creatures vanquished

Notes
Turn   | Place    | Note
-------+----------+-------------------------------------------
     0 | D:1      | MirrMurr the Spriggan Hunter began the quest for the Orb.
     0 | D:1      | Reached XP level 1. HP: 10/10 MP: 2/2
    35 | D:1      | Found Dupt's Armour Shoppe.
   313 | D:1      | Reached XP level 2. HP: 14/14 MP: 3/3
   387 | D:1      | Found a faded altar of an unknown god.
  1116 | D:2      | Reached XP level 3. HP: 18/18 MP: 4/4
  1523 | D:2      | Reached XP level 4. HP: 15/22 MP: 5/5
  1971 | D:2      | Reached skill level 5 in Ranged Weapons
  2260 | D:3      | Reached XP level 5. HP: 25/25 MP: 6/6
  2512 | D:3      | Found a radiant altar of Vehumet.
  2898 | D:4      | Found a staircase to the Ecumenical Temple.
  2906 | Temple   | Entered the Ecumenical Temple
  3023 | Temple   | Became a worshipper of Warmaster Okawaru
  3173 | D:4      | Found a one-way gate to the infinite horrors of the Abyss.
  3173 | D:4      | Noticed Zero's ghost (amateur DEFE)
  3173 | D:4      | Noticed a small abomination
  3203 | D:4      | Found a transporter.
  3546 | D:3      | Found a sacrificial altar of Ru.
  3546 | D:3      | Found a snail-covered altar of Cheibriados.
  3675 | D:4      | Found a transporter.
  3783 | D:4      | Reached XP level 6. HP: 30/30 MP: 7/7
  3960 | D:4      | Found a white marble altar of Elyvilon.
  4242 | D:5      | Entered Level 5 of the Dungeon
  4399 | D:5      | Reached skill level 6 in Ranged Weapons
  4399 | D:5      | Reached skill level 5 in Stealth
  4542 | D:5      | Reached skill level 5 in Dodging
  4630 | D:5      | Reached * piety under Okawaru
  4718 | D:5      | Noticed an ice beast
  4736 | D:5      | Killed an ice beast
  5137 | D:5      | Reached XP level 7. HP: 33/33 MP: 8/8
  5373 | D:5      | Reached skill level 7 in Ranged Weapons
  5482 | D:5      | Shot with an arrow by a centaur

Illustrated notes

Levels and vault maps discovered:
D:1:      ncdulo_halloftheorcs, layout_loops_ring,
          shapermc_ecumenical_altar_mp_urbaneastern, serial_shops, shop,
          minmay_box_of_dots
D:2:      layout_basic
D:3:      layout_loops_ring, nicolae_vehumet_altar_sigil,
          amethyst_overflow_temple_binary
D:4:      layout_loops_ring, nicolae_overflow_hidden_temple, temple_fountains,
          gammafunk_ghost_abyssal_escape
D:5:      layout_layer_cave, serial_bayou_pond_c
Temple:   nicolae_temple_superstar

Skill      XL: |  1  2  3  4  5  6  7 |
---------------+----------------------+-----
Stealth        | 2 3 4 5 6 |  6.3
Dodging        | 3 4 5 |  5.8
Ranged Weapons | 5 6 7 |  7.0
Fighting       | |  1.5

Action                   |  1- 3 |  4- 6 |  7- 9 || total
-------------------------+-------+-------+-------++-------
 Fire: Shortbow          |    83 |   193 |    18 ||   294
  Use: Scroll            |       |    15 |       ||    15
Armor: Robe              |     4 |     1 |       ||     5
Dodge: Dodged            |     9 |    35 |    14 ||    58
Block: Other             |     2 |     4 |     2 ||     8
       Reflection        |       |       |     2 ||     2

Table legend: (Time is in decaauts)
 A = Elapsed time spent in this place.
 B = Non-inter-level travel time spent in this place.
 C = Inter-level travel time spent in this place.
 D = Time resting spent in this place.
 E = Time spent auto-exploring this place.
 F = Levels seen in this place.
 G = Mean time per level.
                   A        B        C        D        E       F      G
               +--------+--------+--------+--------+--------+-----+--------+
         Total |   3953 |   3756 |    197 |     52 |   2928 |   6 |  658.8 |
       Dungeon |   3875 |   3679 |    196 |     52 |   2868 |   5 |  775.0 |
        Temple |     78 |     78 |      0 |      0 |     60 |   1 |   78.0 |
               +--------+--------+--------+--------+--------+-----+--------+

Top non-repeatable levels by time:
     D:5: 869 daAuts
     D:1: 774 daAuts
     D:3: 756 daAuts
     D:4: 751 daAuts
     D:2: 723 daAuts
  Temple: 78 daAuts
